 Seeded DCSS version 0.29-a0-919-gd064cfad1c (webtiles) character file.

Game seed: 16022134512899868658 (custom seed)

253 mathmaestro the Grave Robber (level 5, -11/41 HPs)
             Began as a Demonspawn Necromancer on July 26, 2022.
             Mangled by an ogre
             ... wielding a +0 giant club
              (30 damage)
             ... on level 4 of the Dungeon.
             The game lasted 00:06:31 (3502 turns).

mathmaestro the Grave Robber (DsNe)                 Turns: 3502, Time: 00:06:31

Health: -11/41     AC:  5    Str:  9    XL:     5   Next: 90%
Magic:  10/19      EV: 13    Int: 18    God:
Gold:   274        SH:  0    Dex: 13    Spells: 7/11 levels left

rFire   . . .      SeeInvis +   d - +0 dagger
rCold   . . .      Faith    .   (no shield)
rNeg    . . .      Spirit   .   n - +0 leather armour
rPois   .          Reflect  .   (no helmet)
rElec   .          Harm     .   (no cloak)
rCorr   .          Rampage  .   (no gloves)
Will    .....                   e - +1 pair of boots
Stlth   ++........              (no amulet)
HPRegen 0.13/turn               p - ring of magical power
MPRegen 0.16/turn               t - ring of see invisible

@: no status effects
A: repulsion field 1, powered by death 1
a: no special abilities


You were on level 4 of the Dungeon.
You visited 1 branch of the dungeon, and saw 4 of its levels.

You collected 274 gold pieces.

Inventory:

Hand Weapons
 d - a +0 dagger (weapon)
Armour
 e - a +1 pair of boots (worn)
 n - a +0 leather armour (worn)
Jewellery
 p - a ring of magical power (left hand)
 t - a ring of see invisible (right hand)
Wands
 q - a wand of flame (10)
Scrolls
 i - a scroll of poison {unknown}
 j - a scroll of vulnerability {unknown}
 m - 2 scrolls of summoning
 r - a scroll of immolation {unknown}
Potions
 a - a potion of degeneration {unknown}
 b - a potion of magic
 c - 2 potions of ambrosia
 f - a potion of curing {unknown}
 g - a potion of attraction {unknown}
 h - a potion of flight {unknown}
 k - a potion of might {unknown}
 l - a potion of mutation {unknown}
 o - 2 potions of haste
 s - a potion of lignification {unknown}


   Skills:
 + Level 3.1 Fighting
 * Level 0.1 Armour
 - Level 2.0 Dodging
 - Level 2.0 Stealth
 + Level 3.6 Spellcasting
 + Level 5.6 Necromancy


You had 7 spell levels left.
You knew the following spells:

 Your Spells              Type           Power      Damage    Failure   Level
a - Necrotise             Necr           92%        1d8       1%          1
b - Vampiric Draining     Necr           23%        2d7       6%          3

Your spell library contained the following spells:

 Spells                   Type           Power      Damage    Failure   Level
 Animate Dead             Necr           23%        N/A       21%         4
 Agony                    Necr           23%        N/A       50%         5


Dungeon Overview and Level Annotations

Branches:
Dungeon (4/15)
 Temple: D:4-7

Altars:
Dithmenos


Innate Abilities, Weirdness & Mutations

You are surrounded by a mild repulsion field. (EV +2)
You regenerate a little health from kills.


Message History

Press: ? - help, Shift-Dir - straight line, f - ogre
Aim: an ogre, wielding a +0 giant club (asleep, chance to affect: 81%)
The ogre shouts!
The ogre writhes in agony!
You hear the slow hiss of a very distant avalanche of sand.
Casting: Necrotise (safe; 1% risk of failure)
Confirm with . or Enter, or press ? or * to list all spells.
Aiming: Necrotise (safe; 1% risk of failure)
Press: ? - help, Shift-Dir - straight line, f/p - ogre
Aim: an ogre, wielding a +0 giant club (moderately wounded, chance to affect: 81%)
The ogre barely resists.
Casting: Necrotise (safe; 1% risk of failure)
Confirm with . or Enter, or press ? or * to list all spells.
Aiming: Necrotise (safe; 1% risk of failure)
Press: ? - help, Shift-Dir - straight line, f/p - ogre
Aim: an ogre, wielding a +0 giant club (moderately wounded, chance to affect: 81%)
The ogre writhes in agony.
An adder zombie comes into view.
You hit the ogre.
The ogre is heavily wounded.
The ogre hits you with a +0 giant club!!
Ouch! That really hurt!
* * * LOW HITPOINT WARNING * * *
Casting: Necrotise (safe; 1% risk of failure)
Confirm with . or Enter, or press ? or * to list all spells.
Aiming: Vampiric Draining (dangerous; 6% risk of failure)
Press: ? - help, Shift-Dir - straight line, f/p - ogre
Aim: an ogre, wielding a +0 giant club (heavily wounded)
You draw life force from the ogre!
You feel life coursing into your body.
A bullfrog zombie comes into view.
Unknown command.
Casting: Vampiric Draining (dangerous; 6% risk of failure)
Confirm with . or Enter, or press ? or * to list all spells.
Aiming: Vampiric Draining (dangerous; 6% risk of failure)
Press: ? - help, Shift-Dir - straight line, f/p - ogre
Aim: an ogre, wielding a +0 giant club (severely wounded)
You draw life force from the ogre.
You feel life coursing into your body.
The ogre hits you with a +0 giant club!!
Ouch! That really hurt!
You die...

######..#
#.OZ.Z... #@#
####.# #....#
#....# #.##.#
#.##.#
#######.##.####
#..............
#.#####........


You could see an ogre, an adder zombie and a bullfrog zombie.

Vanquished Creatures
  Sigmund (D:2)
  An adder (D:2)
  An adder zombie (D:4)
  4 dart slugs (D:1)
  An orc (D:3)
  3 endoplasms
  3 giant cockroaches
  9 goblins
  7 hobgoblins
  4 jackals (D:1)
  3 quokkas
  3 ball pythons
  7 bats
  2 frilled lizards
  3 kobolds (D:3)
  3 rats
55 creatures vanquished.

Vanquished Creatures (collateral kills)
  2 dart slugs (D:1)
  2 endoplasms (D:1)
  A goblin (D:1)
  A hobgoblin (D:1)
  A rat (D:2)
7 creatures vanquished.

Grand Total: 62 creatures vanquished

Notes
Turn   | Place    | Note
-------+----------+-------------------------------------------
     0 | D:1      | mathmaestro the Demonspawn Necromancer began the quest for
                  | the Orb.
     0 | D:1      | Reached XP level 1. HP: 13/13 MP: 3/3
   149 | D:1      | Gained mutation: You are surrounded by a mild repulsion
                  | field. (EV +2) [demonic ancestry]
   149 | D:1      | Reached XP level 2. HP: 12/20 MP: 0/5
   413 | D:1      | Reached skill level 1 in Fighting
   521 | D:1      | Found a faded altar of an unknown god.
   905 | D:1      | Reached XP level 3. HP: 26/26 MP: 1/6
   909 | D:1      | Learned a level 3 spell: Vampiric Draining
  2041 | D:2      | Reached XP level 4. HP: 33/33 MP: 8/8
  2267 | D:2      | Noticed Sigmund
  2274 | D:2      | Killed Sigmund
  2275 | D:2      | Reached skill level 5 in Necromancy
  2275 | D:2      | Gained mutation: You regenerate a little health from kills.
                  | [demonic ancestry]
  2275 | D:2      | Reached XP level 5. HP: 36/41 MP: 10/10
  2893 | D:3      | Found a shadowy altar of Dithmenos.
  3496 | D:4      | Noticed an ogre
  3502 | D:4      | Mangled by an ogre

Illustrated notes

Levels and vault maps discovered:
D:1:      amcnicky_arrival_feature_with_door, layout_basic,
          shapermc_ecumenical_altar_venn
D:2:      layout_basic, grunt_ministairs_15, uniq_sigmund
D:3:      layout_rooms, mainiacjoe_overflow_paths, nicolae_hexahallways,
          lemuel_old_faithful
D:4:      minmay_general_purpose_star, layout_loops_ring, serial_undead,
          serial_undead_c, serial_undead_c, serial_undead_a, serial_undead_b,
          serial_undead_d, nicolae_ossuary_entry_false_entrances

Skill      XL: |  1  2  3  4 |
---------------+-------------+-----
Stealth        | 2 |  2.0
Dodging        | 2 |  2.0
Fighting       | 1 3 |  3.1
Spellcasting   | 3 |  3.6
Necromancy     | 5 |  5.6
Armour         | |  0.1

Action                   |  1- 3 |  4- 6 || total
-------------------------+-------+-------++-------
Melee: Unarmed           |     9 |       ||     9
       Dagger            |    14 |    34 ||    48
 Cast: Necrotise         |    71 |    29 ||   100
       Vampiric Draining |       |     4 ||     4
  Use: Scroll            |       |     6 ||     6
 Stab: Sleeping          |       |     1 ||     1
Armor: Robe              |     8 |     4 ||    12
       Leather armour    |       |     7 ||     7
Dodge: Dodged            |    35 |    28 ||    63

Table legend: (Time is in decaauts)
 A = Elapsed time spent in this place.
 B = Non-inter-level travel time spent in this place.
 C = Inter-level travel time spent in this place.
 D = Time resting spent in this place.
 E = Time spent auto-exploring this place.
 F = Levels seen in this place.
 G = Mean time per level.
                   A        B        C        D        E       F      G
               +--------+--------+--------+--------+--------+-----+--------+
         Total |   3499 |   3430 |     69 |    484 |   2419 |   4 |  874.8 |
       Dungeon |   3499 |   3430 |     69 |    484 |   2419 |   4 |  874.8 |
               +--------+--------+--------+--------+--------+-----+--------+

Top non-repeatable levels by time:
     D:1: 1621 daAuts
     D:2: 946 daAuts
     D:3: 877 daAuts
     D:4: 54 daAuts
